 Dungeon Crawl Stone Soup version 0.26-a0-852-g6321bf7485 (webtiles) character file.

Game seed: 8007518624152151289

789487 marklar909 the Halfling Catapult (level 27, -6/179 HPs)
             Began as a Halfling Hunter on Nov 22, 2020.
             Was the Champion of Okawaru.
             Killed from afar by a starcursed mass (9 damage)
             ... with an accursed screaming
             ... on level 1 of the Depths.
             The game lasted 03:21:15 (96869 turns).

marklar909 the Halfling Catapult (Halfling Hunter) Turns: 96869, Time: 03:21:16

Health: -6/179     AC: 48    Str: 25    XL:     27
Magic:  36/36      EV: 27    Int: 15    God:    Okawaru [******]
Gold:   8576       SH: 34    Dex: 32    Spells: 28/28 levels left

rFire    + + +     SeeInvis +   J - +10 hunting sling of Ufofeg {vorpal, Dex+3}
rCold    + + .     Faith    .   K - +8 kite shield "Uckol" {*Corrode rF++ rC+ Regen+}
rNeg     + + .     Spirit   .   S - +9 gold dragon scales
rPois    +         Reflect  +   D - +3 crown of Dyrovepreva {rElec Int+2 SInv}
rElec    +         Harm     +   a - +4 cloak of Responsibility {Harm rPois rCorr Int+4}
rCorr    +         Rampage  .   T - +2 pair of gloves {Dex+3}
MR       +++++     Rnd*Tele +   n - +1 pair of boots "Duteit" {-Cast MR++ Str+2 Int+4} Stlth ..........NoCast +
                                q - amulet of reflection
HPRegen  0.00/turn              L - ring of Pogahak {rN+ MR+ Dex+4 Stlth+}
MPRegen  0.25/turn              R - ring "Gefekhlye" {rN+ Str+4}

@: non-regenerating, badly diseased, slowed, very slow
A: small, [blurry vision 3], [dopey 2], [frail 2], mutation resistance 1, poison
resistance, [screaming 2], [teleportitis 2], [no potion heal 2]
}: 4/15 runes: serpentine, barnacled, slimy, silver
a: Heroism, Finesse, Renounce Religion


You were on level 1 of the Depths.
You worshipped Okawaru.
Okawaru was exalted by your worship.
You visited 13 branches of the dungeon, and saw 59 of its levels.
You visited the Abyss 1 time.
You also visited: Bailey and Wizlab.

You collected 11147 gold pieces.
You spent 2571 gold pieces at shops.

Inventory:

Hand Weapons
 J - the +10 hunting sling of Ufofeg (weapon) {vorpal, Dex+3}
   (You acquired it on level 2 of the Elven Halls)

   Any stone fired from it inflicts extra damage.
   It affects your dexterity (+3).
Missiles
 d - 119 sling bullets (quivered)
Armour
 a - the +4 cloak of Responsibility (worn) {Harm rPois rCorr Int+4}
   (Okawaru gifted it to you on level 5 of the Vaults)

   It affects your intelligence (+4).
   It protects you from poison.
   It provides partial protection from all sources of acid and corrosion.
   It increases damage dealt and taken.
 n - the +1 pair of boots "Duteit" (worn) {-Cast MR++ Str+2 Int+4}
   (You found it on level 1 of the Snake Pit)

   It affects your strength (+2).
   It affects your intelligence (+4).
   It affects your resistance to hostile enchantments.
   It prevents spellcasting.
 D - the +3 crown of Dyrovepreva (worn) {rElec Int+2 SInv}
   (You found it on level 2 of the Shoals)

   It affects your intelligence (+2).
   It insulates you from electricity.
   It lets you see invisible.
 K - the +8 kite shield "Uckol" (worn) {*Corrode rF++ rC+ Regen+}
   (You bought it in a shop on level 11 of the Dungeon)

   It greatly protects you from fire.
   It protects you from cold.
   It increases your rate of regeneration.
   It may corrode you when you take damage.
 S - +9 gold dragon scales (worn)
 T - a +2 pair of gloves of dexterity (worn)
Jewellery
 q - an amulet of reflection (around neck)
 L - the ring of Pogahak (left hand) {rN+ MR+ Dex+4 Stlth+}
   (You found it on level 3 of the Crypt)

   [ring of positive energy]

   It affects your dexterity (+4).
   It protects you from negative energy.
   It affects your resistance to hostile enchantments.
   It makes you more stealthy.
 R - the ring "Gefekhlye" (right hand) {rN+ Str+4}
   (You found it on level 3 of the Crypt)

   [ring of positive energy]

   It affects your strength (+4).
   It protects you from negative energy.
Wands
 s - a wand of paralysis (9)
 w - a wand of acid (53)
 y - a wand of polymorph (9)
 P - a wand of digging (19)
Scrolls
 b - 10 scrolls of fear
 f - 30 scrolls of identify
 h - a scroll of silence
 k - 6 scrolls of immolation
 l - 14 scrolls of amnesia
 o - 16 scrolls of fog
 u - 9 scrolls of teleportation
 A - a scroll of enchant armour
 B - 2 scrolls of holy word
 C - 5 scrolls of blinking
 E - 4 scrolls of summoning
 F - 26 scrolls of remove curse
 I - 5 scrolls of magic mapping
Potions
 c - 7 potions of might
 e - 22 potions of curing
 g - 9 potions of mutation
 j - 3 potions of cancellation
 m - 6 potions of ambrosia
 p - 14 potions of magic
 r - 14 potions of flight
 t - 3 potions of invisibility
 x - 5 potions of brilliance
 G - 12 potions of lignification
 H - 2 potions of berserk rage
 O - 4 potions of resistance
 Q - 6 potions of heal wounds
 W - 7 potions of haste
Miscellaneous
 i - a condenser vane
 v - a lightning rod (4/4)
 z - a phantom mirror


   Skills:
 O Level 27 Fighting
 + Level 9.0(9.1) Short Blades
 + Level 1.3(4.8) Long Blades
 + Level 1.1(1.7) Axes
 + Level 1.2(1.7) Maces & Flails
 + Level 1.1(1.6) Polearms
 + Level 1.1(1.6) Staves
 O Level 27 Slings
 + Level 1.6 Bows
 + Level 1.1 Crossbows
 + Level 1.2(14.0) Throwing
 * Level 21.0 Armour
 * Level 20.5 Dodging
 + Level 4.2 Stealth
 + Level 25.3 Shields
 + Level 0.7 Unarmed Combat
 + Level 1.0 Spellcasting
 + Level 0.8 Conjurations
 + Level 0.6 Hexes
 + Level 0.9 Summonings
 + Level 0.6 Necromancy
 + Level 1.2 Translocations
 + Level 0.4 Transmutations
 + Level 1.2 Fire Magic
 + Level 1.2 Ice Magic
 + Level 1.2 Air Magic
 + Level 1.2 Earth Magic
 + Level 0.9 Poison Magic
 * Level 18.0 Invocations
 + Level 9.7 Evocations


You had 28 spell levels left.
You didn't know any spells.
Your spell library contained the following spells:

 Spells                   Type           Power        Failure   Level
 Apportation              Tloc           #.....       89%         1
 Sandblast                Erth           #.....       90%         1
 Foxfire                  Conj/Fire      #...         91%         1
 Shock                    Conj/Air       #...         91%         1
 Summon Small Mammal      Summ           #...         92%         1
 Animate Skeleton         Necr           #.....       94%         1
 Corona                   Hex            #......      94%         1
 Magic Dart               Conj           #...         94%         1
 Sting                    Tmut/Pois      #...         94%         1
 Beastly Appendage        Tmut           #.....       95%         1
 Blink                    Tloc           N/A          96%         2
 Swiftness                Air            #.......     96%         2
 Poisonous Vapours        Pois/Air       #.....       97%         2
 Call Imp                 Summ           #.......     98%         2
 Ensorcelled Hibernation  Hex/Ice        #.....       98%         2
 Passwall                 Tmut/Erth      #.......     98%         2
 Searing Ray              Conj           #.....       98%         2
 Slow                     Hex            #.......     98%         2
 Sublimation of Blood     Necr           #.........   98%         2
 Wereblood                Tmut           #.......     99%         2
 Gell's Gravitas          Tloc           #.........   99%         3
 Lesser Beckoning         Tloc           #.........   99%         3
 Teleport Other           Tloc           #.......     99%         3
 Call Canine Familiar     Summ           #.......     100%        3
 Confusing Touch          Hex            #.......     100%        3
 Conjure Flame            Conj/Fire      #.......     100%        3
 Dazzling Flash           Conj/Hex       #.....       100%        3
 Ignite Poison            Fire/Tmut/Pois #.......     100%        3
 Inner Flame              Hex/Fire       #.......     100%        3
 Mephitic Cloud           Conj/Pois/Air  #.......     100%        3
 Spider Form              Tmut/Pois      #.........   100%        3
 Static Discharge         Conj/Air       #.......     100%        3
 Stone Arrow              Conj/Erth      #.....       100%        3
 Summon Guardian Golem    Hex/Summ       #.......     100%        3
 Tukima's Dance           Hex            #.......     100%        3
 Airstrike                Air            #.........   100%        4
 Animate Dead             Necr           #.........   100%        4
 Cause Fear               Hex            #.........   100%        4
 Dispel Undead            Necr           #.......     100%        4
 Ice Form                 Ice/Tmut       #.......     100%        4
 Leda's Liquefaction      Hex/Erth       #.........   100%        4
 Passage of Golubria      Tloc           N/A          100%        4
 Petrify                  Tmut/Erth      #.......     100%        4
 Sticky Flame             Conj/Fire      #.......     100%        4
 Summon Ice Beast         Ice/Summ       #.......     100%        4
 Summon Lightning Spire   Summ/Air       #.......     100%        4
 Alistair's Intoxication  Tmut/Pois      #........    100%        5
 Blade Hands              Tmut           #.........   100%        5
 Bolt of Magma            Conj/Fire/Erth #.........   100%        5
 Borgnjor's Vile Clutch   Necr/Erth      #.........   100%        5
 Excruciating Wounds      Necr           #.........   100%        5
 Fireball                 Conj/Fire      #.........   100%        5
 Irradiate                Conj/Tmut      #.........   100%        5
 Iskenderun's Battlesphe  Conj           #.......     100%        5
 Lee's Rapid Deconstruct  Erth           #.........   100%        5
 Lightning Bolt           Conj/Air       #.........   100%        5
 Metabolic Englaciation   Hex/Ice        #.........   100%        5
 Silence                  Hex/Air        #.........   100%        5
 Yara's Violent Unravell  Hex/Tmut       #.........   100%        5
 Conjure Ball Lightning   Conj/Air       #.........   100%        6
 Death Channel            Necr           #.........   100%        6
 Eringya's Noxious Bog    Tmut/Pois      #.........   100%        6
 Hydra Form               Tmut           #.........   100%        6
 Invisibility             Hex            #.......     100%        6
 Iron Shot                Conj/Erth      #.........   100%        6
 Simulacrum               Ice/Necr       #.........   100%        6
 Starburst                Conj/Fire      #.........   100%        6
 Statue Form              Tmut/Erth      #........    100%        6
 Dragon Form              Tmut           #.........   100%        7
 Malign Gateway           Summ/Tloc      #.........   100%        7
 Monstrous Menagerie      Summ           #.........   100%        7
 Orb of Destruction       Conj           #.........   100%        7
 Spellforged Servitor     Conj/Summ      #.........   100%        7
 Summon Greater Demon     Summ           #.........   100%        7
 Chain Lightning          Conj/Air       #.........   100%        8
 Discord                  Hex            #.........   100%        8
 Ignition                 Fire           #.........   100%        8
 Lehudib's Crystal Spear  Conj/Erth      #.........   100%        8
 Summon Horrible Things   Summ           #.........   100%        8
 Absolute Zero            Ice            #.........   100%        9
 Fire Storm               Conj/Fire      #.........   100%        9
 Shatter                  Erth           #.........   100%        9
 Tornado                  Air            #.........   100%        9


Dungeon Overview and Level Annotations

Branches:
Dungeon (15/15)            Temple (1/1) D:7            Lair (6/6) D:9
 Shoals (4/4) Lair:2        Snake (4/4) Lair:3        Slime (5/5) Lair:5
    Orc (2/2) D:10            Elf (3/3) Orc:2        Vaults (5/5) D:14
  Crypt (3/3) Vaults:2       Tomb (0/3) Crypt:3      Depths (5/5) D:15
   Hell (visited)             Zot (5/5) Depths:5     Bailey (visited)
 WizLab (visited)
    Dis: Hell:1         Geh: Hell:1         Coc: Hell:1         Tar: Hell:1

Altars:
Ashenzari
Cheibriados
Dithmenos
Elyvilon
Fedhas
Gozag
Hepliaklqana
Kikubaaqudgha
Makhleb
Nemelex Xobeh
Okawaru
Qazlal
Ru
Sif Muna
Trog
Uskayaw
Vehumet
Wu Jian
Xom
Yredelemnul
Zin
The Shining One
Beogh
Jiyva

Shops:
D:8 !   D:10 ?   D:11 [   Orc:2 !(=!   Snake:3 *}=}   Vaults:3 =   Vaults:5 }

Portals:
Hell: Depths:1 Depths:2 Depths:3 Depths:4 Depths:5
Abyss: Depths:1 Depths:4
Pandemonium: Depths:1 Depths:3 Depths:5
Ziggurat: Depths:4
Trove: Depths:5 (give 9 potions of haste)

Annotations:
D:9 3 runed translucent doors, Maimakterion's ghost, novice OpTm
Shoals:4 exclusion: 2 oklob plants
Hell Geryon
Zot:5 23 runed doors


Innate Abilities, Weirdness & Mutations

You are small and have problems with some larger weapons.
You are somewhat resistant to further mutation.
Your system is resistant to poisons. (rPois)
[Scrolls take you much longer to read.]
[You are very dopey. (Int -4)]
[You are very frail. (-20% HP)]
[You sometimes yell uncontrollably at your foes.]
[You are sometimes teleported next to monsters.]
[Potions are poor at restoring your health.]


Message History

* * * LOW HITPOINT WARNING * * *
Firing (i - inventory)
d - 121 sling bullets (quivered)
Press: ? - help, Shift-Dir - straight line, f/p - red very ugly thing
Aim: a red very ugly thing You shoot a sling bullet.
The sling bullet hits the red very ugly thing!
The red very ugly thing is lightly wounded.
You block the red very ugly thing's attack.
The starcursed mass shrieks in your mind.
* * * LOW HITPOINT WARNING * * *
Firing (i - inventory)
d - 120 sling bullets (quivered)
Press: ? - help, Shift-Dir - straight line, f/p - red very ugly thing
Aim: a red very ugly thing (lightly wounded)
You shoot a sling bullet.
The sling bullet barely misses the red very ugly thing.
The sling bullet hits the starcursed mass!
The starcursed mass is heavily damaged.
You block the red very ugly thing's attack.
The starcursed mass shrieks in your mind.
You die...

.........###...#####^....#...∩...
..........##...###.##..8....##...
....###...#...###...###..#.####..
....####..#...#.......#'##.####..
.....##..##..##....###......##...
#........#...#.....# #...........
#........#.>.#.###.###...........
.........#...###8#..........)....
....####.##### #@uX..........###.
..)[)###.....###8#.........### ##
..[.[..........###.........## ##
#......>...............[....####.
#.................#..............
#.............∩..##....(.........
...(............###..........[###
.................##..........###
...........##..................##


You could see a starcursed mass and a red very ugly thing.

Vanquished Creatures
  Dissolution (Slime:1)
  the Royal Jelly (Slime:5)
  8 ancient liches
  4 orbs of fire (Zot:5)
  Mara (Depths:3)
  Sojobo (Vaults:2)
  A Killer Klown (Zot:5)
  Vashnia (Snake:3)
  A curse toe (Zot:2)
  Saint Roka (Depths:2)
  13 golden dragons
  A bone dragon (Abyss:1)
  6 electric golems
  5 liches
  16 tentacled monstrosities
  5 titans
  24 Orb Guardians (Zot:5)
  3 deep elf blademasters
  5 quicksilver dragons
  23 acid blobs
  2 Executioners
  Asterion (Snake:3)
  2 deep elf master archers (Elf:3)
  8 death cobs
  Kirke (D:13)
  10 tentacled starspawn
  6 sphinxes
  3 ancient champions
  9 shadow dragons
  6 draconian monks
  Donald (Snake:1)
  Roxanne (D:15)
  7 tengu reavers
  18 azure jellies
  17 storm dragons
  3 revenants
  8 deep elf sorcerers
  7 nagarajas
  8 vault wardens
  5 fire giants
  Ilsuiw (Shoals:4)
  13 frost giants
  2 ghouls (Crypt:2)
  7 draconian scorchers
  An iron dragon (Depths:4)
  A juggernaut zombie (Depths:3)
  5 draconian knights
  10 draconian shifters
  3 orc warlords
  5 draconian stormcallers
  Aizul (Depths:2)
  6 ghost moths
  A cacodemon (Abyss:2)
  2 curse skulls (Crypt:1)
  7 draconian annihilators
  4 spriggan defenders
  23 ironheart preservers
  5 deep elf elementalists
  2 grey draconians (Depths:5)
  23 stone giants
  15 very ugly things
  2 war gargoyles
  A reaper (Crypt:3)
  10 black draconians
  7 green draconians
  12 deep elf demonologists
  15 vampire knights
  7 deep elf annihilators
  Nessos (D:13)
  18 red draconians
  2 entropy weavers (Vaults:4)
  10 purple draconians
  7 white draconians
  18 yellow draconians
  Azrael (D:13)
  3 lorocyprocas
  2 orange crystal statues
  11 spark wasps
  4 quicksilver dragon zombies
  12 eidola
  20 ettins
  A blizzard demon (Abyss:2)
  13 deep elf death magi
  A mummy priest (Crypt:3)
  A crystal guardian (Vaults:4)
  13 fire dragons
  7 merfolk javelineers
  3 jiangshi (Crypt:2)
  25 yaktaur captains
  9 merfolk impalers
  9 great orbs of eyes
  5 death oozes (Slime:5)
  5 deep elf high priests
  31 vault guards
  14 ice dragons
  6 boulder beetles
  Erolcha (D:13)
  7 hydras
  5 spriggan air magi
  10 rakshasas
  5 naga warriors
  15 anacondas
  3 merfolk avatars
  5 death knights
  5 centaur warriors
  5 catoblepae
  4 merfolk aquamancers (Shoals:4)
  27 small abominations
  36 dancing weapons
  38 two-headed ogres
  16 ogre magi
  3 tengu warriors
  A satyr (Shoals:4)
  9 orc high priests
  12 deep troll shamans
  6 death yaks
  A queen ant (shapeshifter) (Vaults:2)
  2 hell hogs (Depths:2)
  10 vampire magi
  21 naga sharpshooters
  4 thrashing horrors
  7 deep troll earth magi
  7 shock serpents
  2 titan zombies
  Nergalle (D:12)
  25 deep elf knights
  12 soul eaters
  A sun demon (Abyss:1)
  2 storm dragon zombies (Crypt:3)
  10 hell knights
  A titan skeleton (Crypt:3)
  7 wretched stars
  7 iron trolls
  5 shadow wraiths
  5 unseen horrors
  A salamander mystic (Snake:3)
  25 deep trolls
  2 spatial maelstroms
  A golden dragon zombie (Crypt:3)
  A ghost moth zombie (Abyss:1)
  2 fire crabs (Shoals:2)
  3 storm dragon skeletons
  A spark wasp zombie (Depths:3)
  5 glowing orange brains
  A shadow demon (Depths:1)
  25 sea snakes
  12 skeletal warriors
  4 naga ritualists
  A death drake (Abyss:2)
  22 starcursed masses
  11 phantasmal warriors
  An anaconda zombie (Abyss:2)
  11 deep elf archers
  A shadow dragon zombie (Crypt:3)
  A flayed ghost (Crypt:2)
  3 lindwurms (Lair:6)
  6 wizards
  A sphinx zombie (Depths:2)
  2 wolf spider zombies
  66 deep elf magi
  22 necromancers
  20 ironbrand convokers
  8 mana vipers
  11 orc knights
  A golden dragon skeleton (Abyss:1)
  4 harpies
  An iron dragon zombie (Depths:3)
  A mana viper (shapeshifter) (Vaults:5)
  A tengu skeleton (Vaults:4)
  A stone giant zombie (Crypt:2)
  5 wolf spiders
  8 fauns
  3 anaconda skeletons
  A wolf spider (shapeshifter) (Vaults:3)
  3 fire giant zombies
  3 shining eyes
  10 salamanders
  11 cyclopes
  49 ugly things
  5 orc sorcerers
  16 manticores
  26 moths of wrath
  2 frost giant zombies
  A fire giant skeleton (Abyss:2)
  2 manticores (shapeshifter)
  5 worldbinders
  2 stone giant skeletons (Crypt:3)
  An iron dragon skeleton (Crypt:3)
  13 merfolk sirens
  20 elephants
  2 black mambas (shapeshifter)
  6 centaur zombies
  Maurice (D:9)
  30 black mambas
  2 dire elephant zombies (Crypt:3)
  A frost giant skeleton (Crypt:3)
  9 guardian serpents
  14 naga magi
  A molten gargoyle (D:13)
  Joseph (D:7)
  10 smoke demons
  A guardian serpent (shapeshifter) (D:11)
  3 gargoyles
  A torpor snail (shapeshifter) (Depths:5)
  11 torpor snails
  6 water nymphs
  A water nymph (shapeshifter) (Vaults:5)
  14 vault sentinels
  A cane toad (shapeshifter) (Depths:4)
  An eye of devastation (Slime:5)
  2 rime drakes (shapeshifter)
  An orange demon (Abyss:1)
  A shock serpent skeleton (Crypt:2)
  9 freezing wraiths
  A black draconian zombie (Crypt:1)
  6 cane toads
  An emperor scorpion zombie (Crypt:3)
  A hellion (Abyss:1)
  A spriggan zombie (Depths:2)
  2 kobold demonologists
  A dire elephant skeleton (Crypt:3)
  3 rime drakes (Lair:6)
  62 yaktaurs
  9 komodo dragons
  4 tengu conjurers
  16 hellwings
  11 trolls
  An efreet (D:14)
  5 ancient zymes
  A white draconian skeleton (Crypt:1)
  A queen bee (shapeshifter) (Vaults:3)
  A polar bear (Lair:5)
  3 tyrant leeches (Lair:6)
  26 merfolk
  A sphinx simulacrum (Vaults:1)
  9 blink frogs
  11 hornets
  22 large abominations
  A hydra zombie (Crypt:3)
  13 raiju
  A snapping turtle (shapeshifter) (Depths:1)
  18 dream sheep
  A hydra skeleton (Crypt:3)
  61 slime creatures
  10 wind drakes
  3 ettin zombies
  A dream sheep (shapeshifter) (Vaults:1)
  An ice dragon zombie (Crypt:3)
  A frost giant simulacrum (Depths:2)
  6 flying skulls (Crypt:2)
  A tarantella (Lair:2)
  7 snapping turtles
  An ice dragon skeleton (Crypt:3)
  An ettin skeleton (Crypt:3)
  An elf simulacrum (Vaults:5)
  5 ynoxinuls
  2 redbacks
  Sigmund (D:4)
  A redback (shapeshifter) (Vaults:5)
  A spriggan skeleton (Depths:2)
  2 air elementals
  13 water elementals
  4 vampires
  A black mamba skeleton (Crypt:3)
  A yak (shapeshifter) (Vaults:4)
  37 yaks
  8 fire elementals
  5 spriggans
  A tarantella (shapeshifter) (Depths:2)
  2 ushabtiu (Crypt:3)
  6 fire bats
  11 wraiths
  4 hogs (D:14)
  7 basilisks
  11 wyverns
  A hog (shapeshifter) (Depths:2)
  8 golden eyes
  2 neqoxecs (Abyss:1)
  A basilisk (shapeshifter) (Vaults:2)
  3 chaos spawn
  A yaktaur simulacrum (Vaults:4)
  4 vampire mosquitoes (D:13)
  2 steam dragons
  A faun zombie (Crypt:2)
  53 nagas
  A swamp worm (shapeshifter) (Depths:1)
  10 wargs
  5 spatial vortices
  A soldier ant (D:14)
  Duvessa (D:6)
  6 acid dragons
  A merfolk zombie (Crypt:1)
  17 hell hounds
  26 water moccasins
  A water moccasin (shapeshifter) (Depths:3)
  A floating eye (shapeshifter) (Depths:4)
  54 orc warriors
  3 ice beasts
  3 necrophages
  6 sky beasts
  55 ogres
  3 black bears
  A boggart (Depths:4)
  9 centaurs
  A lindwurm skeleton (Crypt:1)
  7 eyes of draining
  10 wolves
  7 phantoms
  4 big kobolds
  A bullfrog (shapeshifter) (D:15)
  20 bullfrogs
  4 earth elementals
  A human skeleton (Vaults:4)
  A deep troll simulacrum (Vaults:2)
  Dowan (D:6)
  A draconian skeleton (Crypt:2)
  10 wyvern skeletons
  2 scorpions
  3 killer bees (D:9)
  A human simulacrum (Vaults:1)
  A howler monkey (D:4)
  A wight (Abyss:2)
  5 electric eels
  A lava snake (D:13)
  A crimson imp (Abyss:2)
  7 jellies
  2 quasits
  2 black bear zombies
  4 bullfrog zombies
  6 hounds
  47 orc priests
  5 bullfrog skeletons
  A gnoll shaman (D:7)
  26 orc wizards
  3 centaur skeletons
  3 iron imps
  A black bear skeleton (Crypt:1)
  7 iguanas
  A lightning spire (Zot:1)
  2 hell rats (Lair:2)
  11 worker ants
  2 yak simulacra (Lair:4)
  2 polar bear simulacra (Lair:4)
  A killer bee zombie (D:7)
  A wolf simulacrum (Lair:4)
  A big kobold zombie (Crypt:1)
  A tengu zombie (Crypt:3)
  A hound zombie (D:5)
  2 hound skeletons (D:6)
  A mummy (Crypt:3)
  3 worker ant zombies
  16 adders
  20 gnolls
  6 river rats (Lair:2)
  3 shadow imps
  23 white imps
  3 ufetubi
  An iguana zombie (Crypt:1)
  2 adder zombies
  An adder skeleton (D:4)
  5 worms
  3 dart slugs (D:1)
  3 leopard geckos
  106 orcs
  5 giant cockroaches
  15 goblins
  14 hobgoblins
  8 jackals
  2 quokkas
  2 ball pythons (D:5)
  8 bats
  5 frilled lizards
  32 kobolds
  A kobold skeleton (Crypt:1)
  A leopard gecko skeleton (D:4)
  A leopard gecko zombie (Crypt:1)
  9 rats
  6 river rat simulacra (Lair:4)
  A butterfly (Lair:4)
  2 crawling corpses
  A lurking horror (Abyss:1)
  12 starspawn tentacles
2897 creatures vanquished.

Vanquished Creatures (others)
  An Orb Guardian (Zot:5)
  A lich (Depths:2)
  2 nagarajas
  A fire giant (Depths:5)
  A deep elf annihilator (Elf:3)
  A merfolk aquamancer (Shoals:4)
  A naga sharpshooter (Snake:3)
  A deep elf knight (Elf:1)
  Sonja (Lair:2)
  A wolf spider (Vaults:5)
  2 naga magi
  A wyvern (D:13)
  A small abomination (Abyss:2)
  2 nagas (Snake:4)
  A water moccasin (Snake:1)
  A sky beast (D:11)
  A jelly (D:13)
  A bullfrog zombie (D:13)
  An orc wizard (Orc:1)
  2 orcs (Vaults:3)
  A kobold (D:11)
  35 bushes (D:13)
  89 fungi
  151 plants
  14 starspawn tentacles
  30 withered plants (Crypt:3)
344 creatures vanquished.

Grand Total: 3241 creatures vanquished

Notes
Turn   | Place    | Note
-------+----------+-------------------------------------------
     0 | D:1      | marklar909 the Halfling Hunter began the quest for the Orb.
     0 | D:1      | Reached XP level 1. HP: 14/14 MP: 1/1
    83 | D:1      | Reached XP level 2. HP: 19/19 MP: 2/2
   451 | D:1      | Reached XP level 3. HP: 24/24 MP: 3/3
   887 | D:2      | Reached XP level 4. HP: 29/29 MP: 4/4
   924 | D:2      | Reached skill level 1 in Armour
  1328 | D:2      | Found a faded altar of an unknown god.
  1974 | D:3      | Reached XP level 5. HP: 34/34 MP: 5/5
  2094 | D:3      | Found a stormy altar of Qazlal.
  3127 | D:4      | Reached XP level 6. HP: 35/41 MP: 6/6
  3369 | D:4      | Found a burning altar of Makhleb.
  3369 | D:4      | Found a hide-covered altar of Uskayaw.
  3370 | D:4      | Found a sparkling altar of Nemelex Xobeh.
  3510 | D:4      | Reached skill level 1 in Shields
  3516 | D:4      | Reached XP level 7. HP: 43/46 MP: 7/7
  3544 | D:4      | Noticed Sigmund
  3775 | D:4      | Killed Sigmund
  3971 | D:4      | Found a shadowy altar of Dithmenos.
  4216 | D:5      | Entered Level 5 of the Dungeon
  4307 | D:5      | Reached XP level 8. HP: 54/54 MP: 8/8
  4402 | D:5      | Reached skill level 10 in Slings
  6154 | D:6      | Reached XP level 9. HP: 57/60 MP: 9/9
  6299 | D:6      | Reached skill level 5 in Fighting
  6680 | D:6      | Noticed Duvessa
  6682 | D:6      | Noticed Dowan
  6705 | D:6      | Killed Duvessa
  6710 | D:6      | Killed Dowan
  7270 | D:7      | Found a bloodstained altar of Trog.
  7282 | D:7      | Found a staircase to the Ecumenical Temple.
  7335 | Temple   | Entered the Ecumenical Temple
  7535 | Temple   | Became a worshipper of Warmaster Okawaru
  7695 | D:7      | Reached skill level 5 in Dodging
  7751 | D:7      | Noticed Joseph
  7762 | D:7      | Killed Joseph
  7762 | D:7      | Reached * piety under Okawaru
  8046 | D:7      | Reached skill level 5 in Armour
  8046 | D:7      | Reached XP level 10. HP: 68/68 MP: 10/10
  8491 | D:8      | Reached skill level 5 in Shields
  8589 | D:8      | Found a hazy altar of Hepliaklqana.
  8701 | D:8      | Reached ** piety under Okawaru
  8857 | D:8      | Found Imakocvi's Distillery.
  8865 | D:8      | Bought a potion of degeneration for 13 gold pieces
  8865 | D:8      | Bought a potion of lignification for 39 gold pieces
  8865 | D:8      | Bought a potion of attraction for 39 gold pieces
  8865 | D:8      | Bought a potion of curing for 39 gold pieces
  8865 | D:8      | Bought a potion of brilliance for 52 gold pieces
  9510 | D:9      | Reached skill level 1 in Invocations
  9591 | D:9      | Found a snail-covered altar of Cheibriados.
  9774 | D:9      | Noticed Maurice
  9779 | D:9      | Noticed a death yak
  9783 | D:9      | Killed Maurice
  9784 | D:9      | Noticed a death yak
  9818 | D:8      | Killed a death yak
  9818 | D:8      | Reached *** piety under Okawaru
  9818 | D:8      | Received a gift from Okawaru
  9966 | D:9      | Found a staircase to the Lair.
  9966 | D:9      | Noticed a death yak
 10005 | D:9      | Killed a death yak
 10006 | D:9      | Reached XP level 11. HP: 43/77 MP: 12/12
 10375 | D:9      | Killed a death yak
 10376 | D:9      | Reached skill level 1 in Evocations
 10803 | D:9      | Reached **** piety under Okawaru
 10980 | D:9      | Found a runed translucent gate.
 10980 | D:9      | Found a runed translucent gate.
 10980 | D:9      | Found a runed translucent gate.
 10980 | D:9      | Noticed Maimakterion's ghost (novice OpTm)
 11087 | D:10     | Entered Level 10 of the Dungeon
 11087 | D:10     | Found Paomioxa's Magic Scroll Shoppe.
 11368 | D:10     | Bought a scroll of identify for 28 gold pieces
 11654 | D:10     | Found a staircase to the Orcish Mines.
 11921 | D:10     | Got a jewelled ring mail
 12023 | D:10     | Identified the +4 ring mail of Ciskour {rPois MP+9 Str+2
                  | Int-3} (You found it on level 10 of the Dungeon)
 12075 | Lair:1   | Entered Level 1 of the Lair of Beasts
 12075 | Lair:1   | Noticed an eight-headed hydra
 12123 | Lair:1   | Received a gift from Okawaru
 12220 | Lair:1   | Killed an eight-headed hydra
 12296 | Lair:1   | Noticed a seven-headed hydra
 12538 | Lair:1   | Killed a seven-headed hydra
 12539 | Lair:1   | Reached XP level 12. HP: 55/85 MP: 15/15
 12597 | Lair:1   | Reached ***** piety under Okawaru
 13849 | Lair:2   | Received a gift from Okawaru
 14038 | Lair:2   | Found a staircase to the Shoals.
 14087 | Lair:2   | Reached skill level 5 in Invocations
 14194 | Lair:2   | Noticed Sonja
 14389 | Lair:2   | Killed Sonja
 14473 | Lair:2   | Received a gift from Okawaru
 14613 | Lair:2   | Reached skill level 10 in Fighting
 14666 | Lair:2   | Found a runed translucent door.
 15117 | Lair:2   | Got a shimmering hat
 15120 | Lair:2   | Identified the +3 hat "Purixt" {rCorr MP-9 Dex+9} (You
                  | found it on level 2 of the Lair of Beasts)
 15441 | Lair:3   | Reached XP level 13. HP: 93/93 MP: 17/17
 15499 | Lair:3   | Noticed a four-headed hydra
 15527 | Lair:3   | Killed a four-headed hydra
 15546 | Lair:3   | Received a gift from Okawaru
 15656 | Lair:3   | Found a staircase to the Snake Pit.
 16295 | Lair:3   | Reached skill level 10 in Shields
 16422 | Lair:3   | Identified the +4 mace of the Mouth {drain, Int+3}
 17050 | Lair:4   | You fall into a shaft and drop 1 floor!
 18191 | Lair:4   | Identified 3 scrolls of acquirement
 18191 | Lair:4   | Acquired a manual of Fighting
 18195 | Lair:4   | Acquired 500 gold pieces
 18199 | Lair:4   | Acquired a manual of Dodging
 18383 | Lair:5   | Noticed a catoblepas
 18795 | Lair:5   | Killed a catoblepas
 18834 | Lair:5   | Found a viscous altar of Jiyva.
 18864 | Lair:5   | Identified the Collected Works on Nocuous Arcane Weapons
 18868 | Lair:5   | Found a staircase to the Slime Pits.
 19371 | Lair:6   | Entered Level 6 of the Lair of Beasts
 19371 | Lair:6   | Noticed an eight-headed hydra
 19382 | Lair:6   | Killed an eight-headed hydra
 19382 | Lair:6   | Received a gift from Okawaru
 19383 | Lair:6   | Reached skill level 15 in Slings
 19529 | Lair:6   | Reached XP level 14. HP: 103/103 MP: 19/19
 20724 | Lair:6   | Found a runed translucent door.
 21461 | Lair:6   | Reached skill level 10 in Dodging
 22178 | Lair:6   | Reached ****** piety under Okawaru
 23993 | Lair:6   | Received a gift from Okawaru
 24914 | Orc:1    | Entered Level 1 of the Orcish Mines
 25053 | Orc:1    | Noticed an orc warlord
 25101 | Orc:1    | Killed an orc warlord
 25102 | Orc:1    | Reached XP level 15. HP: 112/112 MP: 21/21
 25662 | Orc:1    | Noticed an orc warlord
 25969 | D:10     | Killed an orc warlord
 26062 | Orc:1    | Found a roughly hewn altar of Beogh.
 26200 | Orc:1    | Received a gift from Okawaru
 26353 | Orc:2    | Entered Level 2 of the Orcish Mines
 26373 | Orc:2    | Found a staircase to the Elven Halls.
 26789 | Orc:2    | Reached skill level 10 in Armour
 27343 | Orc:2    | Received a gift from Okawaru
 27575 | Orc:2    | Found Inottuto's Jewellery Shop.
 27575 | Orc:2    | Found Voblasar's Distillery.
 27603 | Orc:2    | Found a roughly hewn altar of Beogh.
 27847 | Orc:2    | Received a gift from Okawaru
 28052 | Orc:2    | Found Efacharghiw's Distillery.
 28052 | Orc:2    | Found Riutrot's Weapon Shoppe.
 28183 | Orc:2    | Bought a potion of curing for 39 gold pieces
 28183 | Orc:2    | Bought a potion of might for 52 gold pieces
 28183 | Orc:2    | Bought a potion of curing for 39 gold pieces
 28183 | Orc:2    | Bought 2 potions of heal wounds for 130 gold pieces
 28183 | Orc:2    | Bought a potion of haste for 130 gold pieces
 28183 | Orc:2    | Bought a potion of curing for 39 gold pieces
 28428 | Orc:2    | Bought the ring "Baaqoryos" {rElec AC+4 Str+3 Stlth+} for
                  | 886 gold pieces
 28439 | Orc:2    | Bought a potion of curing for 39 gold pieces
 28439 | Orc:2    | Bought a potion of haste for 130 gold pieces
 28439 | Orc:2    | Bought a potion of mutation for 104 gold pieces
 28706 | D:10     | Reached skill level 15 in Fighting
 28842 | D:11     | Found a flagged portal.
 28850 | Bailey   | Entered a bailey
 28855 | Bailey   | Noticed an orc warlord
 28970 | Bailey   | Found a runed translucent gate.
 28970 | Bailey   | Found a runed translucent gate.
 28972 | Bailey   | Found a runed translucent gate.
 29172 | Bailey   | Killed an orc warlord
 29218 | Bailey   | Identified the Grimoire of Flight and Shape Shifting
 29276 | Bailey   | Acquired 1166 gold pieces
 29309 | D:11     | Found Xoupio's Antique Armour Boutique.
 29335 | D:11     | Bought a scorched kite shield for 285 gold pieces
 29335 | D:11     | Bought a pair of bloodstained boots for 285 gold pieces
 29335 | D:11     | Identified the +0 pair of boots "Kajon" {Str+3} (You bought
                  | it in a shop on level 11 of the Dungeon)
 29337 | D:11     | Identified the +8 kite shield "Uckol" {*Corrode rF++ rC+
                  | Regen+} (You bought it in a shop on level 11 of the
                  | Dungeon)
 29479 | D:11     | Received a gift from Okawaru
 30491 | D:12     | Reached XP level 16. HP: 122/122 MP: 22/22
 31271 | D:12     | Noticed Nergalle
 31341 | D:12     | Killed Nergalle
 31468 | D:12     | Found a sacrificial altar of Ru.
 31468 | D:12     | Found a burning altar of Makhleb.
 32221 | D:13     | Received a gift from Okawaru
 32231 | D:13     | Noticed Erolcha
 32235 | D:13     | Paralysed by Erolcha for 3 turns
 32249 | D:13     | Killed Erolcha
 32654 | D:13     | Noticed Azrael
 32686 | D:13     | Killed Azrael
 32914 | D:13     | Noticed Nessos
 32918 | D:13     | Killed Nessos
 33509 | D:14     | Noticed Kirke
 33753 | D:13     | Killed Kirke
 33939 | D:14     | Found a gate to the Vaults.
 34075 | D:14     | Found an ancient bone altar of Kikubaaqudgha.
 34488 | D:15     | Entered Level 15 of the Dungeon
 34496 | D:15     | Reached XP level 17. HP: 129/129 MP: 23/23
 34499 | D:15     | Reached skill level 1 in Short Blades
 34499 | D:15     | Reached skill level 1 in Long Blades
 34499 | D:15     | Reached skill level 1 in Axes
 34499 | D:15     | Reached skill level 1 in Maces & Flails
 34499 | D:15     | Reached skill level 1 in Bows
 34499 | D:15     | Reached skill level 1 in Throwing
 34499 | D:15     | Reached skill level 1 in Translocations
 34499 | D:15     | Reached skill level 1 in Fire Magic
 34499 | D:15     | Reached skill level 1 in Ice Magic
 34499 | D:15     | Reached skill level 1 in Air Magic
 34499 | D:15     | Reached XP level 18. HP: 135/135 MP: 24/24
 34794 | D:15     | Found a shimmering altar of Xom.
 34940 | D:15     | Found a staircase to the Depths.
 35236 | D:15     | Identified Roxanne's Almanac of the Secret Knives
 35236 | D:15     | Noticed Roxanne
 35287 | D:15     | Killed Roxanne
 35288 | D:15     | Reached XP level 19. HP: 141/141 MP: 25/25
 35591 | Shoals:1 | Entered Level 1 of the Shoals
 36871 | Shoals:2 | Received a gift from Okawaru
 37040 | Shoals:2 | Found the +3 crown of Dyrovepreva {rElec Int+2 SInv}
 37222 | Shoals:2 | Received a gift from Okawaru
 38095 | Shoals:2 | Acquired the Handbook of Lightness and Conjuration
 38265 | Shoals:3 | Received a gift from Okawaru
 38489 | Shoals:3 | Found a broken altar of Ashenzari.
 39386 | Shoals:4 | Entered Level 4 of the Shoals
 39418 | Shoals:4 | Received a gift from Okawaru
 39580 | Shoals:4 | Noticed Ilsuiw
 39624 | Shoals:4 | Killed Ilsuiw
 39624 | Shoals:4 | Received a gift from Okawaru
 40102 | Shoals:4 | Received a gift from Okawaru
 40433 | Shoals:4 | Reached skill level 15 in Shields
 40521 | Shoals:4 | Got a barnacled rune of Zot
 40615 | Shoals:4 | Reached XP level 20. HP: 151/151 MP: 26/26
 41163 | Snake:1  | Entered Level 1 of the Snake Pit
 41279 | Snake:1  | Received a gift from Okawaru
 41385 | Snake:1  | Got a pair of jewelled boots
 41553 | Snake:1  | Noticed Donald
 41594 | Snake:1  | Killed Donald
 42043 | Snake:1  | Reached skill level 15 in Dodging
 42201 | Snake:1  | Received a gift from Okawaru
 43828 | Snake:2  | Found a sparkling altar of Nemelex Xobeh.
 44238 | Snake:3  | Noticed Vashnia
 44316 | Snake:3  | Killed Vashnia
 44359 | Snake:3  | Found Imuawose's Gadget Emporium.
 44370 | Snake:3  | Found Naweont's Jewellery Boutique.
 44375 | Snake:3  | Found Wysuej's Gadget Emporium.
 44753 | Snake:3  | Noticed Asterion
 44779 | Snake:3  | Killed Asterion
 45209 | Snake:3  | Reached XP level 21. HP: 158/160 MP: 27/27
 45248 | Snake:3  | Found a broken altar of Ashenzari.
 45272 | Snake:3  | Found Giokon's General Store.
 45280 | Snake:3  | Bought a scroll of blinking for 127 gold pieces
 45280 | Snake:3  | Bought a scroll of fog for 34 gold pieces
 45280 | Snake:3  | Bought 25 stones for 42 gold pieces
 45375 | Snake:3  | Found a sacrificial altar of Ru.
 45511 | Snake:3  | Identified the +1 pair of boots "Duteit" {-Cast MR++ Str+2
                  | Int+4} (You found it on level 1 of the Snake Pit)
 45620 | Snake:4  | Entered Level 4 of the Snake Pit
 46315 | Snake:4  | Received a gift from Okawaru
 46489 | Snake:4  | Got a slimy kite shield {god gift}
 47267 | Snake:4  | Got a serpentine rune of Zot
 47366 | Snake:4  | Identified the +0 kite shield of Anaesthesia {Rampage *Slow
                  | SInv Stlth+} (Okawaru gifted it to you on level 4 of the
                  | Snake Pit)
 47580 | Elf:1    | Entered Level 1 of the Elven Halls
 48035 | Elf:1    | Received a gift from Okawaru
 49361 | Elf:2    | Found a runed translucent gate.
 49361 | Elf:2    | Found a runed translucent gate.
 49361 | Elf:2    | Found a runed translucent gate.
 49612 | Elf:2    | Reached XP level 22. HP: 169/169 MP: 28/28
 49801 | Elf:2    | Received a gift from Okawaru
 50097 | Elf:2    | Acquired the +10 hunting sling of Ufofeg {vorpal, Dex+3}
 50118 | Elf:3    | Entered Level 3 of the Elven Halls
 50943 | Elf:3    | Identified the ring "Venemekk" {rC+ MR+ Dex+2}
 51286 | Elf:3    | Identified the +6 great sword of the Horn {elec, rElec
                  | Str-5 Int+6}
 51294 | Elf:3    | Identified the ring of Ganoaf {rPois rF+++ EV+4 Str+2
                  | Dex-2}
 51371 | Elf:3    | Identified the cursed +1 rapier of Dankusus {vorpal, rPois
                  | rF+ rN+ Dex-3}
 51391 | Elf:3    | Received a gift from Okawaru
 51399 | Elf:3    | Identified the amulet "Ditemeet" {Faith rElec rC+++ MP-9
                  | Dex+4}
 53141 | Vaults:1 | Entered Level 1 of the Vaults
 53181 | Vaults:1 | Reached XP level 23. HP: 177/177 MP: 29/29
 54397 | Vaults:1 | Received a gift from Okawaru
 54513 | Vaults:2 | Found a magical portal.
 54537 | WizLab   | Entered Wucad Mu's Monastery
 55068 | WizLab   | Found the +9 staff of Wucad Mu {channel}
 55794 | Vaults:2 | Received a gift from Okawaru
 56766 | Vaults:2 | Noticed Sojobo
 57207 | Vaults:2 | Reached XP level 24. HP: 160/187 MP: 30/30
 57353 | Vaults:2 | Killed Sojobo
 57371 | Vaults:2 | Received a gift from Okawaru
 57497 | Vaults:2 | Reached skill level 15 in Armour
 57771 | Vaults:2 | Found a staircase to the Crypt.
 58576 | Vaults:3 | Received a gift from Okawaru
 58654 | Vaults:3 | Reached skill level 10 in Invocations
 58797 | Vaults:3 | Found Syfamy's Jewellery Shoppe.
 58938 | Vaults:3 | Identified Xahoiff's Reference Book on the Flamy Mountains
 58972 | Vaults:3 | Received a gift from Okawaru
 59224 | Vaults:3 | Received a gift from Okawaru
 59518 | Vaults:3 | Received a gift from Okawaru
 59747 | Vaults:3 | Reached skill level 5 in Evocations
 60011 | Vaults:3 | Reached skill level 1 in Polearms
 60011 | Vaults:3 | Reached skill level 1 in Staves
 60011 | Vaults:3 | Reached skill level 1 in Crossbows
 60011 | Vaults:3 | Reached skill level 1 in Spellcasting
 60011 | Vaults:3 | Reached skill level 1 in Earth Magic
 60011 | Vaults:3 | Reached XP level 25. HP: 194/194 MP: 30/30
 60398 | Vaults:4 | Found a hide-covered altar of Uskayaw.
 60607 | Vaults:4 | Reached XP level 26. HP: 141/201 MP: 30/30
 61316 | Vaults:4 | Received a gift from Okawaru
 61357 | Vaults:4 | Received a gift from Okawaru
 62401 | Depths:1 | Entered Level 1 of the Depths
 62557 | Depths:1 | Paralysed by a floating eye for 3 turns
 62590 | Depths:1 | Received a gift from Okawaru
 62915 | Depths:1 | Received a gift from Okawaru
 63034 | Depths:1 | Found a gateway to Hell.
 63075 | Depths:1 | Received a gift from Okawaru
 63292 | Depths:1 | Found a one-way gate leading to the halls of Pandemonium.
 63393 | Depths:1 | Found a one-way gate to the infinite horrors of the Abyss.
 63802 | Depths:2 | Received a gift from Okawaru
 64834 | Depths:2 | Identified the Compendium of Black Rituals
 64889 | Depths:2 | Noticed Aizul
 64911 | Depths:2 | Killed Aizul
 64987 | Depths:2 | Noticed Saint Roka
 65012 | Depths:2 | Killed Saint Roka
 65326 | Depths:2 | Reached XP level 27. HP: 209/209 MP: 31/31
 65595 | Depths:2 | Identified the +8 quick blade of Cowardice {protect, rN++}
 65882 | Depths:2 | Received a gift from Okawaru
 66411 | Depths:2 | Got an ancient chain mail {god gift}
 66412 | Depths:2 | Identified the +3 chain mail of Rehugosm {rC+ Str-3 Int+4}
                  | (Okawaru gifted it to you on level 2 of the Depths)
 67097 | Depths:3 | Received a gift from Okawaru
 67233 | Depths:3 | Received a gift from Okawaru
 67443 | Depths:3 | Noticed Mara
 67455 | Depths:3 | Noticed marklar909's illusion
 67490 | Depths:3 | Killed Mara
 68675 | Depths:4 | Found a gateway to a ziggurat.
 69643 | Depths:4 | Received a gift from Okawaru
 69984 | Depths:4 | Found a snail-covered altar of Cheibriados.
 70275 | Depths:5 | Entered Level 5 of the Depths
 71142 | Depths:5 | Found a portal to a secret trove of treasure.
 71531 | Depths:5 | Found a gate to the Realm of Zot.
 72042 | Hell     | Entered the Vestibule of Hell
 72042 | Hell     | Noticed Geryon
 72373 | Crypt:1  | Entered Level 1 of the Crypt
 72689 | Crypt:1  | Received a gift from Okawaru
 75135 | Crypt:2  | Received a gift from Okawaru
 75600 | Crypt:2  | Identified the +9 long sword of Amorality {venom, rF++ MR+
                  | Int+2}
 76272 | Crypt:3  | Entered Level 3 of the Crypt
 76504 | Crypt:3  | Noticed an ancient lich
 76504 | Crypt:3  | Noticed an ancient lich
 76523 | Crypt:3  | Killed an ancient lich
 76560 | Crypt:3  | Got a steaming platinum ring
 76560 | Crypt:3  | Got a pitted marble ring
 76560 | Crypt:3  | Got a flickering lead ring
 77185 | Crypt:3  | Found an ancient bone altar of Kikubaaqudgha.
 77810 | Crypt:3  | Identified the ring of Pogahak {rN+ MR+ Dex+4 Stlth+} (You
                  | found it on level 3 of the Crypt)
 77811 | Crypt:3  | Identified the ring "Gefekhlye" {rN+ Str+4} (You found it
                  | on level 3 of the Crypt)
 77812 | Crypt:3  | Identified the ring "Nyse" {rPois rN+ Int+4 Slay-5 Stlth+}
                  | (You found it on level 3 of the Crypt)
 77946 | Crypt:3  | Reached skill level 5 in Short Blades
 78113 | Crypt:3  | Received a gift from Okawaru
 78355 | Crypt:3  | Found a staircase to the Tomb.
 78967 | Vaults:5 | Entered Level 5 of the Vaults
 78980 | Vaults:5 | Received a gift from Okawaru
 78980 | Vaults:5 | Received a gift from Okawaru
 78990 | Vaults:5 | Received a gift from Okawaru
 79143 | Vaults:5 | Received a gift from Okawaru
 80269 | Vaults:5 | Identified the +8 short sword "Diby" {freeze, rPois rN+
                  | Dex+3}
 80434 | Vaults:5 | Got a silver rune of Zot
 81079 | Vaults:5 | Found Ufiucs's Gadget Shoppe.
 81208 | Vaults:5 | Received a gift from Okawaru
 81389 | Vaults:5 | Got a slimy cloak {god gift}
 81390 | Vaults:5 | Identified the +4 cloak of Responsibility {Harm rPois rCorr
                  | Int+4} (Okawaru gifted it to you on level 5 of the Vaults)
 81463 | Vaults:5 | Got a shimmering chain mail
 81464 | Vaults:5 | Identified the +6 chain mail of the Boiling Point {rC+ MR+}
                  | (You found it on level 5 of the Vaults)
 81905 | Slime:1  | Entered Level 1 of the Pits of Slime
 82090 | Slime:2  | Noticed Dissolution
 82109 | Slime:1  | Killed Dissolution
 82211 | Slime:2  | Gained mutation: Armour fits poorly on your strangely
                  | shaped body. [a shining eye]
 82358 | Slime:2  | Reached skill level 27 in Slings
 82602 | Slime:2  | Lost mutation: Armour fits poorly on your strangely shaped
                  | body. [potion of mutation]
 82602 | Slime:2  | Gained mutation: You have a pair of small horns on your
                  | head. [potion of mutation]
 82602 | Slime:2  | Gained mutation: [Potions are less effective at restoring
                  | your health.] [potion of mutation]
 82602 | Slime:2  | Gained mutation: Your mind is acute. (Int +2) [potion of
                  | mutation]
 83464 | Slime:5  | Entered Level 5 of the Pits of Slime
 84043 | Slime:5  | Found a viscous altar of Jiyva.
 84045 | Slime:5  | Noticed the Royal Jelly
 84099 | Slime:5  | Killed the Royal Jelly
 84099 | Slime:5  | Received a gift from Okawaru
 84299 | Slime:5  | Identified Sif Muna's Collected Works on the Shifting Birds
 84378 | Slime:5  | Identified the Handbook of the Volcanoes
 84425 | Slime:5  | Got a slimy rune of Zot
 85286 | Zot:1    | Entered Level 1 of the Realm of Zot
 85499 | Zot:1    | Reached skill level 15 in Invocations
 86623 | Zot:2    | Received a gift from Okawaru
 87189 | Zot:2    | You fall into a shaft and drop 2 floors!
 88584 | Zot:3    | Received a gift from Okawaru
 90520 | Zot:2    | Identified the +4 chain mail "Ufueqomew" {Int+2} (You found
                  | it on level 2 of the Realm of Zot)
 90629 | Zot:5    | Entered Level 5 of the Realm of Zot
 90639 | Zot:5    | Received a gift from Okawaru
 90890 | Zot:5    | Found a huge runed gate.
 90890 | Zot:5    | Found a huge runed gate.
 90891 | Zot:5    | Found a huge runed gate.
 90917 | Zot:5    | Found a huge runed gate.
 90917 | Zot:5    | Found a huge runed gate.
 90917 | Zot:5    | Found a huge runed gate.
 90917 | Zot:5    | Found a huge runed gate.
 90919 | Zot:5    | Found a huge runed gate.
 90919 | Zot:5    | Found a huge runed gate.
 90921 | Zot:5    | Found a huge runed gate.
 90932 | Zot:5    | Found a huge runed gate.
 90932 | Zot:5    | Found a huge runed gate.
 90932 | Zot:5    | Found a huge runed gate.
 90932 | Zot:5    | Found a huge runed gate.
 90932 | Zot:5    | Found a huge runed gate.
 90932 | Zot:5    | Found a huge runed gate.
 90932 | Zot:5    | Found a huge runed gate.
 90933 | Zot:5    | Found a huge runed gate.
 90934 | Zot:5    | Found a huge runed gate.
 90942 | Zot:5    | Found a huge runed gate.
 90942 | Zot:5    | Found a huge runed gate.
 90942 | Zot:5    | Found a huge runed gate.
 90942 | Zot:5    | Found a huge runed gate.
 91494 | Zot:5    | Noticed an ancient lich
 91550 | Zot:5    | Received a gift from Okawaru
 92017 | Zot:5    | Noticed an ancient lich
 92044 | Zot:5    | Noticed an orb of fire
 92073 | Zot:5    | Gained mutation: You are weak. (Str -2) [an orb of fire]
 92075 | Zot:5    | Killed an orb of fire
 92082 | Zot:5    | Noticed a Killer Klown
 92088 | Zot:5    | Noticed an ancient lich
 92122 | Zot:5    | Noticed an ancient lich
 92125 | Zot:5    | Noticed an orb of fire
 92157 | Zot:5    | Noticed an orb of fire
 92172 | Zot:5    | Gained mutation: [You are frail. (-10% HP)] [an orb of
                  | fire]
 92184 | Zot:5    | Killed an orb of fire
 92362 | Zot:5    | Noticed an orb of fire
 92383 | Zot:5    | Killed an orb of fire
 92492 | Zot:5    | Noticed an ancient lich
 92501 | Zot:5    | Killed an ancient lich
 92501 | Zot:5    | Received a gift from Okawaru
 92514 | Zot:5    | Noticed an ancient lich
 92516 | Zot:5    | Killed an ancient lich
 92850 | Zot:5    | Killed an ancient lich
 92850 | Zot:5    | Received a gift from Okawaru
 92887 | Zot:5    | Killed an orb of fire
 92888 | Zot:5    | Reached skill level 27 in Fighting
 93216 | Zot:5    | Killed an ancient lich
 93270 | Zot:5    | a Killer Klown changed into a sphinx
 93276 | Zot:5    | Received a gift from Okawaru
 93379 | Zot:5    | Noticed an ancient lich
 93390 | Zot:5    | Killed an ancient lich
 93494 | Zot:5    | Noticed a Killer Klown
 93511 | Zot:5    | Killed a Killer Klown
 93861 | Zot:5    | Received a gift from Okawaru
 93873 | Zot:5    | Lost mutation: [You are frail. (-10% HP)] [potion of
                  | mutation]
 93873 | Zot:5    | Lost mutation: Your mind is acute. (Int +2) [potion of
                  | mutation]
 93873 | Zot:5    | Lost mutation: You have a pair of small horns on your head.
                  | [potion of mutation]
 93873 | Zot:5    | Gained mutation: Your system is resistant to poisons.
                  | (rPois) [potion of mutation]
 93873 | Zot:5    | Gained mutation: Your body sometimes deteriorates upon
                  | taking damage. [potion of mutation]
 93874 | Zot:5    | Lost mutation: Your body sometimes deteriorates upon taking
                  | damage. [potion of mutation]
 93874 | Zot:5    | Gained mutation: You have a pair of small horns on your
                  | head. [potion of mutation]
 93875 | Zot:5    | Lost mutation: You are weak. (Str -2) [potion of mutation]
 93875 | Zot:5    | Lost mutation: You have a pair of small horns on your head.
                  | [potion of mutation]
 93875 | Zot:5    | Lost mutation: [Potions are less effective at restoring
                  | your health.] [potion of mutation]
 94027 | Zot:5    | Killed an ancient lich
 94048 | Zot:5    | Killed an ancient lich
 94048 | Zot:5    | Received a gift from Okawaru
 94489 | Depths:1 | Voluntarily entered the Abyss.
 94610 | Abyss:1  | Received a gift from Okawaru
 95037 | Abyss:1  | Found a radiant altar of Vehumet.
 95044 | Abyss:1  | Found a radiant altar of Vehumet.
 95999 | Abyss:2  | Found a corrupted altar of Lugonu.
 96038 | Abyss:2  | Found a corrupted altar of Lugonu.
 96083 | Abyss:2  | Found a snail-covered altar of Cheibriados.
 96090 | Abyss:2  | Found a snail-covered altar of Cheibriados.
 96179 | Abyss:2  | Found a snail-covered altar of Cheibriados.
 96347 | Abyss:2  | Received a gift from Okawaru
 96863 | Depths:1 | Escaped the Abyss
 96868 | Depths:1 | HP: 3/179 [starcursed mass/accursed screaming (7)]
 96869 | Depths:1 | Killed from afar by a starcursed mass

Illustrated notes

Levels and vault maps discovered:
D:1:      dpeg_arrival_windows_large_door, layout_basic
D:2:      layout_loops_ring, chequers_ecumenical_altar_island,
          kennysheep_generic_room_5
D:3:      layout_basic, grunt_qazlal_sundering
D:4:      layout_rooms, gammafunk_temple_overflow_claw, grunt_dithmenos_shadows,
          uniq_sigmund
D:5:      layout_gridville, minivault_19, mrwooster_statue_mirror
D:6:      layout_gridville, uniq_duvessa
D:7:      layout_loops_ring, old_standard_altar, minmay_temple_entry_statues,
          uniq_joseph
D:8:      layout_loops_corners, lemuel_crystal_altar, serial_shops, shop,
          sigmund_army
D:9:      layout_roguey, slow_altar_1, dpeg_lair_monsters,
          ebering_ghost_rock_garden, roderic_lattice_a, the_bakery, uniq_maurice
D:10:     layout_big_octagon, orc_0_dummy, serial_shops, shop_coins
D:11:     minmay_the_grid_four_pointed_star_mashed
          [minmay_the_grid_triangle_9x9_zippers_horizontal,
          minmay_the_grid_triangle_9x9_sprig,
          minmay_the_grid_triangle_9x9_checkered,
          minmay_the_grid_triangle_9x9_cache, minmay_the_grid_prize_big_room],
          layout_irregular_city, enter_bailey_3, serial_shops, shop
D:12:     wad_river_or_something, layout_loops_corners, jmf_multi_god_temple,
          uniq_nergalle
D:13:     layout_rooms, kennysheep_small_spiral, minmay_hedge_maze, uniq_azrael,
          uniq_nessos, uniq_erolcha
D:14:     layout_gridville, erik_vaults_1, kennysheep_boxes, basic_altar,
          uniq_kirke
D:15:     grunt_enter_depths_snipers, layout_rooms,
          lemuel_coloured_pillars_altar, minmay_misc_feat_iff, uniq_roxanne
Temple:   regret_index_temple_generic_petals
Lair:1:   layout_gridlike, portal_ice_cave_entry_imps, st_stairs_7,
          lemuel_another_geyser
Lair:2:   gammafunk_indiana_jones, layout_loops_ring, elwin_shoals_entry_rocks,
          kennysheep_rathole, uniq_sonja
Lair:3:   mu_elephants_graveyard, layout_regular_city,
          minmay_snake_entry_guardpost_small, beast_lair_carwin_7,
          lemuel_fruit_tree
Lair:4:   layout_layer_cave, eino_house_with_fridge, lemuel_fruit_fields,
          lemuel_fruit_fields
Lair:5:   layout_roguey, slime_altar_1
Lair:6:   hangedman_lair_in_review, layout_cave_pods, wormcave,
          infiniplex_staircase_pool_2
Shoals:1: layout_shoals
Shoals:2: layout_shoals, hangedman_shoal_volcano
Shoals:3: layout_shoals, lemuel_altar_in_water
Shoals:4: shoals_end_grunt_ice, layout_shoals, shoals_ilsuiw_ice,
          nicolae_shoals_this_corrosion
Snake:1:  minmay_snake_river, layout_layer_cave, serial_bayou_shore_a,
          uniq_donald
Snake:2:  layout_layer_cave, basic_altar, nrook_guardian_serpent_double
Snake:3:  layout_misc_corridors, serial_shops, nicolae_shop_trees,
          hangedman_feature_mirror, minmay_shop_grove, grunt_megastairs_2,
          uniq_asterion, uniq_vashnia
Snake:4:  grunt_snake_rune_pools, layout_basic, serial_bayou_shore_b
Slime:1:  layout_caves
Slime:2:  layout_caves, dissolution_awaits
Slime:3:  layout_caves
Slime:4:  layout_caves
Slime:5
Orc:1:    orc_temple, layout_diamond_mine
Orc:2:    st_orc_town, layout_diamond_mine
Elf:1:    eino_elf_arrival_sip, layout_loops_corners,
          hangedman_elven_crosses_minicolossus, minmay_misc_feat_five
Elf:2:    layout_geoelf_octagon
Elf:3:    grunt_elf_hall_asides, layout_onion_city
Vaults:1: grunt_vaults_swirl, nicolae_vaults_alarming, ontoclasm_vaults_idyll,
          v_rooms_4, hangedman_vaults_stream, vaults_room_large_hall,
          vaults_room_fours, vaults_standard_mumra_enter_the_diamond, v_misc_24,
          v_misc_19, layout_vaults_maze
Vaults:2: hangedman_vaults_stretched_pinwheel, hangedman_vaults_corner,
          hangedman_vaults_slice, blue_anna_dwarven_crypt,
          nicolae_vaults_network_star, vaults_mumra_minichess_inversion,
          v_pattern_3, v_misc_10, vaults_dpeg_ring, vaults_dpeg_hooks,
          layout_vaults_quadrants, lightli_enter_wizlab_magi_temple, uniq_sojobo
Vaults:3: vaults_mumra_minichess, nicolae_vaults_mini_display_case,
          nicolae_vaults_fighting_squares, vaults_room_fours,
          nicolae_vaults_little_squares_4, v_rooms_4, vaults_room_corners,
          vaults_mumra_hex, nicolae_vaults_specimen_jars,
          layout_vaults_big_room, serial_shops, shop
Vaults:4: v_pattern_2, vaults_dpeg_doors,
          nicolae_vaults_windows_and_doors_thing,
          dpeg_vaults_pockets_of_resistance, nicolae_vaults_disjoint_gnomons,
          ontoclasm_vaults_misaligned, nicolae_vaults_network_quincunx
          [nicolae_vaults_network_quincunx_subvault,
          nicolae_vaults_network_quincunx_subvault,
          nicolae_vaults_network_quincunx_subvault,
          nicolae_vaults_network_quincunx_subvault,
          nicolae_vaults_network_quincunx_subvault],
          nicolae_vaults_little_squares_1, vaults_room_door_ring,
          vaults_standard_mumra_x, hangedman_vaults_impose,
          ontoclasm_vaults_decontamination, v_misc_27, vaults_dpeg_encased_lava,
          layout_vaults_omnibox, basic_altar
Vaults:5
Crypt:1:  layout_catacombs, st_vampire_maze
Crypt:2:  layout_chaotic_city
Crypt:3:  evilmike_haunted_forest
Depths:1: layout_cave_shapes, hell_entry, abyss_entry_small_statue_room,
          pan_entry, nrook_kobold_shadow_demons, grunt_megastairs_4
Depths:2: lemuel_traditional_vault, layout_cave_pools, special_room
          [special_room_morgue], chequers_serial_rivers_small_a,
          grunt_hell_horde, water_boxes_lemuel, serial_bayou_shore_b,
          serial_bayou_shore_b, uniq_aizul, uniq_saint_roka
Depths:3: kennysheep_ambush_hall, layout_cave_shapes, pan_entry, hell_entry,
          hangedman_decor_push, infiniplex_staircase_star, uniq_mara
Depths:4: pf_snail_temple, layout_gridlike, enter_ziggurat_e, pf_coc_iceberg,
          abyss_entry_crystal, kennysheep_pointless_box
Depths:5: evilmike_zot_entry_gauntlet, layout_basic, enter_trove_3,
          roderic_three_in_a_row, pan_entry, hell_entry, lemuel_flamethrower_3
Hell
Zot:1:    layout_onion_interference, amethyst_zot_foddershock
Zot:2:    kennysheep_spiral_hall, layout_onion_interference
Zot:3:    layout_misc_corridors
Zot:4:    layout_twisted_circle
Zot:5:    layout_misc_corridors, grunt_ministairs_1, not_door_vault_due

Skill      XL: |  1  2  3  4  5  6  7  8  9 10 11 12 13 14 15 16 17 18 19 20 21 22 23 24 25 26 27 |
---------------+----------------------------------------------------------------------------------+-----
Slings         | 6 7 8 9 10 12 13 14 15 16 17 18 19 20 21 22 27 | 27.0
Fighting       | 2 3 4 6 7 9 10 12 13 15 16 17 18 19 20 21 22 27 | 27.0
Armour         | 1 2 3 5 6 7 8 9 10 11 12 13 14 15 16 21 | 21.0
Dodging        | 3 4 5 6 7 8 9 10 11 13 14 15 16 17 18 20 | 20.5
Shields        | 1 2 3 4 6 7 9 10 11 12 13 14 15 16 17 18 19 20 25 | 25.3
Invocations    | 2 4 5 6 8 9 10 11 18 | 18.0
Evocations     | 1 2 3 5 7 9 |  9.7
Stealth        | 2 3 4 |  4.2
Short Blades   | 1 9 |  9.0
Long Blades    | 1 |  1.3
Axes           | 1 |  1.1
Maces & Flails | 1 |  1.2
Bows           | 1 |  1.6
Throwing       | 1 |  1.2
Translocations | 1 |  1.2
Fire Magic     | 1 |  1.2
Ice Magic      | 1 |  1.2
Air Magic      | 1 |  1.2
Polearms       | 1 |  1.1
Staves         | 1 |  1.1
Crossbows      | 1 |  1.1
Spellcasting   | 1 |  1.0
Earth Magic    | 1 |  1.2
Unarmed Combat | |  0.7
Conjurations   | |  0.8
Hexes          | |  0.6
Summonings     | |  0.9
Necromancy     | |  0.6
Transmutations | |  0.4
Poison Magic   | |  0.9

Action                   |  1- 3 |  4- 6 |  7- 9 | 10-12 | 13-15 | 16-18 | 19-21 | 22-24 | 25-27 || total
-------------------------+-------+-------+-------+-------+-------+-------+-------+-------+-------++-------
Melee: Unarmed           |       |       |       |       |       |     6 |       |       |       ||     6
       Quick blade       |       |       |       |       |       |       |       |       |    10 ||    10
 Fire: Hunting sling     |    89 |   218 |   648 |  1522 |  2683 |  1080 |  3333 |  2059 |  7925 || 19557
       Fustibalus        |       |       |       |       |       |       |       |   391 |       ||   391
Invok: Heroism           |       |       |       |    10 |    12 |     5 |    14 |    10 |    26 ||    77
       Finesse           |       |       |       |       |     2 |     1 |     4 |     2 |    13 ||    22
Evoke: Wand              |       |       |       |    13 |     6 |    11 |     2 |       |     1 ||    33
       Lightning rod     |       |       |       |       |     6 |     7 |       |     6 |     6 ||    25
       Condenser vane    |       |       |       |       |       |       |     1 |     3 |     1 ||     5
  Use: Scroll            |       |       |    12 |    11 |    20 |     3 |    11 |    10 |    38 ||   105
       Potion            |       |       |       |     1 |     1 |     2 |       |    16 |     8 ||    28
Armor: Leather armour    |     7 |     9 |       |       |       |       |       |       |       ||    16
       Chain mail        |       |    13 |    76 |   101 |       |       |       |       |       ||   190
       Ring mail         |       |       |       |    55 |   182 |    33 |   110 |   159 |    57 ||   596
       Gold dragon scale |       |       |       |       |       |       |       |       |   671 ||   671
Dodge: Dodged            |    18 |    30 |    44 |   371 |   629 |   179 |   523 |   623 |  1398 ||  3815
Block: Kite shield       |       |    53 |   244 |     7 |   532 |   432 |  1663 |  1662 |  4271 ||  8864
       Reflection        |       |       |    16 |    18 |    44 |    26 |   210 |    92 |   204 ||   610
       Buckler           |       |       |       |   540 |   420 |       |       |       |       ||   960
       Other             |       |       |       |       |       |     6 |       |       |       ||     6

Table legend: (Time is in decaauts)
 A = Elapsed time spent in this place.
 B = Non-inter-level travel time spent in this place.
 C = Inter-level travel time spent in this place.
 D = Time resting spent in this place.
 E = Time spent auto-exploring this place.
 F = Levels seen in this place.
 G = Mean time per level.
                   A        B        C        D        E       F      G
               +--------+--------+--------+--------+--------+-----+--------+
         Total |  89907 |  81974 |   7933 |   5520 |  56329 |  63 | 1427.1 |
       Dungeon |  18333 |  16385 |   1948 |   1096 |  11630 |  15 | 1222.2 |
        Temple |    232 |    188 |     44 |      0 |    187 |   1 |  232.0 |
          Lair |  12501 |  11011 |   1490 |    840 |   7944 |   6 | 2083.5 |
        Shoals |   5340 |   5150 |    190 |    186 |   3643 |   4 | 1335.0 |
     Snake Pit |   5714 |   5523 |    191 |     92 |   4016 |   4 | 1428.5 |
    Slime Pits |   2685 |   2585 |    100 |    104 |   1956 |   5 |  537.0 |
  Orcish Mines |   3308 |   2932 |    376 |    231 |   1790 |   2 | 1654.0 |
   Elven Halls |   4844 |   4104 |    740 |    176 |   2766 |   3 | 1614.7 |
        Vaults |  10159 |   9081 |   1078 |   1014 |   5711 |   5 | 2031.8 |
         Crypt |   5796 |   5531 |    265 |    692 |   3717 |   3 | 1932.0 |
        Depths |   9214 |   8090 |   1124 |    502 |   5451 |   5 | 1842.8 |
          Hell |      1 |      1 |      0 |      0 |      0 |   1 |    1.0 |
           Zot |   8172 |   7789 |    383 |    586 |   5492 |   5 | 1634.4 |
         Abyss |   2102 |   2102 |      0 |      0 |   1283 |   2 | 1051.0 |
        Bailey |    404 |    404 |      0 |      0 |    256 |   1 |  404.0 |
        Wizlab |   1093 |   1093 |      0 |      0 |    484 |   1 | 1093.0 |
               +--------+--------+--------+--------+--------+-----+--------+

Top non-repeatable levels by time:
  Lair:6: 5020 daAuts
Vaults:4: 3014 daAuts
   Zot:5: 3012 daAuts
Vaults:2: 2713 daAuts
 Crypt:1: 2625 daAuts
Depths:2: 2394 daAuts
   Elf:3: 2200 daAuts
 Crypt:3: 2141 daAuts
     D:9: 1934 daAuts
  Lair:1: 1845 daAuts
Depths:5: 1834 daAuts
Depths:4: 1821 daAuts
 Snake:1: 1774 daAuts
   Orc:2: 1719 daAuts
  Lair:4: 1718 daAuts
